 Dungeon Crawl Stone Soup version 0.30-b1-2-g02819fbbbe (webtiles) character file.

Game seed: 11973538318680693174

1241 EvilAshe the Slasher (level 8, -4/62 HPs)
             Began as a Human Fighter on May 23, 2023.
             Slain by a gnoll sergeant
             ... wielding a +0 spear of venom
              (7 damage)
             ... on level 9 of the Dungeon.
             The game lasted 00:29:34 (6223 turns).

EvilAshe the Slasher (Human Fighter)                Turns: 6223, Time: 00:29:34

Health: -4/62      AC: 16    Str: 19    XL:     8   Next: 78%
Magic:  8/8        EV:  7    Int:  9    God:
Gold:   186        SH:  5    Dex: 12    Spells: 7/7 levels left

rFire   . . .        a - +0 long sword
rCold   . . .        c - +0 buckler
rNeg    . . .        u - +0 chain mail
rPois   .            j - +2 helmet
rElec   .            (no cloak)
rCorr   .            t - +2 pair of gloves
SInv    .            (no boots)
Will    .....        (no amulet) Stlth
                     r - ring of flight
HPRegen 0.30/turn    (no ring)
MPRegen 0.11/turn

%: no passive effects
@: lethally poisoned (-4 -> -24), flying
A: no striking features
a: no special abilities


You were on level 9 of the Dungeon.
You visited 1 branch of the dungeon, and saw 8 of its levels.
You also visited: Sewer and Bailey.

You collected 186 gold pieces.

Inventory:

Hand Weapons
 a - a +0 long sword (weapon)
Missiles
 f - 46 stones
 p - 2 silver javelins
 q - 6 boomerangs (quivered)
Armour
 c - a +0 buckler (worn)
 j - a +2 helmet (worn)
 t - a +2 pair of gloves (worn)
 u - a +0 chain mail (worn)
Jewellery
 r - a ring of flight (left hand)
Wands
 b - a wand of quicksilver (8)
Scrolls
 d - a scroll of amnesia {unknown}
 e - 2 scrolls of teleportation
 g - 2 scrolls of identify
 k - 2 scrolls of butterflies
 m - a scroll of enchant armour {unknown}
 n - a scroll of magic mapping {unknown}
 v - a scroll of blinking {unknown}
Potions
 h - a potion of lignification
 i - a potion of curing
 l - 2 potions of attraction
 o - 2 potions of magic {unknown}
 s - a potion of berserk rage {unknown}
 w - 2 potions of heal wounds {unknown}
 x - a potion of haste


   Skills:
 + Level 5.3 Fighting
 * Level 6.5 Long Blades
 + Level 5.3 Armour
 + Level 5.3 Shields


You had 7 spell levels left.
You didn't know any spells.
Your spell library contained the following spells:

 Spells                   Type           Power      Damage    Failure   Level
 Slow                     Hex            0%         N/A       98%         1
 Ensorcelled Hibernation  Hex/Ice        0%         N/A       99%         2
 Passwall                 Tmut/Erth      0%         N/A       99%         2
 Sublimation of Blood     Necr           0%         N/A       99%         2
 Wereblood                Tmut           0%         N/A       99%         2
 Confusing Touch          Hex            0%         N/A       100%        3
 Swiftness                Air            0%         N/A       100%        3
 Vampiric Draining        Necr           0%         2d6       100%        3
 Summon Hydra             Summ           0%         N/A       100%        7


Dungeon Overview and Level Annotations

Branches:
Dungeon (9/15)              Sewer (visited)          Bailey (visited)
 Temple: D:4-7         Lair: D:8-11         Orc: D:9-12

Altars:
Gozag
Ru

Shops:
D:1 *

Annotations:
D:5 Duvessa, Menkaure, Sigmund
D:9 1 transporter, exclusion: ice statue, eyesofgods1's ghost, journeyman OpCj


Message History

You feel sick. The gnoll hits you with a +0 halberd.
The gnoll sergeant hits you from afar with a +0 spear of venom.
You are more poisoned.
The gnoll sergeant hits you but does no damage.
The gnoll hits you but does no damage.
You closely miss the gnoll.
The gnoll is moderately wounded.
You feel very sick. The gnoll closely misses you.
The gnoll sergeant closely misses you.
You hit the gnoll but do no damage.
The gnoll is moderately wounded.
You feel very sick. The gnoll hits you but does no damage.
The gnoll sergeant hits you from afar with a +0 spear of venom.
You are more poisoned.
You hit the gnoll.
The gnoll is severely wounded.
You feel very sick.
The gnoll sergeant hits you but does no damage.
You are more poisoned.
The gnoll barely misses you.
You slash the gnoll!
You kill the gnoll!
You feel extremely sick.
The gnoll sergeant hits you from afar with a +0 spear of venom.
You are lethally poisoned!
You feel extremely sick. The gnoll hits you but does no damage.
The gnoll sergeant hits you but does no damage.
You are more poisoned.
You see here a +0 halberd.
You closely miss the gnoll sergeant.
* * * LOW HITPOINT WARNING * * *
You feel extremely sick. The gnoll closely misses you.
You block the gnoll sergeant's attack.
You completely miss the gnoll sergeant.
* * * LOW HITPOINT WARNING * * *
You feel extremely sick.
The gnoll sergeant hits you with a +0 spear of venom!
You die...

.....~~#.#...g........_#
#####.##.#.........#..8#
#.##.#..gg.....#####
#.#..#g..g......#
#.#.............#
#g###g........#
#gg.'....>....#
#g###.........# #@#
#.........# #.#
########### #.# #.# #.#
..# ###


You could see a gnoll sergeant and 3 gnolls.

Vanquished Creatures
  A kobold demonologist (D:9)
  A water moccasin (D:4)
  An ice beast (D:9)
  A black bear (D:4)
  A kobold brigand (D:9)
  Dowan (D:5)
  An electric eel (D:9)
  3 hounds (D:4)
  A sleepcap (D:4)
  Jessica (D:2)
  3 iguanas
  Robin (D:2)
  8 gnolls
  2 river rats (Sewer)
  8 adders
  A white imp (D:5)
  3 worms
  A dart slug (D:1)
  21 orcs
  5 ball pythons
  5 bats
  7 endoplasms
  3 giant cockroaches
  17 goblins
  8 hobgoblins
  10 jackals
  11 kobolds
  3 quokkas
  7 frilled lizards
  6 rats
142 creatures vanquished.

Vanquished Creatures (others)
  12 plants (Sewer)
12 creatures vanquished.

Grand Total: 154 creatures vanquished

Notes
Turn   | Place    | Note
-------+----------+-------------------------------------------
     0 | D:1      | EvilAshe the Human Fighter began the quest for the Orb.
     0 | D:1      | Reached XP level 1. HP: 18/18 MP: 1/1
   207 | D:1      | Reached XP level 2. HP: 19/24 MP: 2/2
   270 | D:1      | Found Xotem's Assorted Antiques.
   619 | D:1      | Reached XP level 3. HP: 29/29 MP: 3/3
   998 | D:2      | Noticed Jessica
  1004 | D:2      | Killed Jessica
  1005 | D:2      | Reached skill level 3 in Long Blades
  1005 | D:2      | Reached XP level 4. HP: 31/35 MP: 4/4
  1056 | D:2      | Found a faded altar of an unknown god.
  1261 | D:2      | Noticed Robin
  1284 | D:2      | Killed Robin
  1745 | D:3      | Found a faded altar of an unknown god.
  1844 | D:3      | Found a glowing drain.
  1845 | D:3      | Noticed an ogre
  1848 | D:3      | Reached XP level 5. HP: 41/41 MP: 5/5
  1855 | Sewer    | Entered a sewer
  2752 | D:4      | Reached XP level 6. HP: 42/48 MP: 6/6
  2961 | D:4      | Reached skill level 4 in Long Blades
  3262 | D:5      | Entered Level 5 of the Dungeon
  3264 | D:5      | Noticed a black bear
  3555 | D:4      | Noticed an ogre
  3720 | D:3      | Found a sacrificial altar of Ru.
  4325 | D:5      | Noticed a water moccasin
  4351 | D:4      | Killed a water moccasin
  4352 | D:4      | Reached XP level 7. HP: 15/54 MP: 7/7
  4518 | D:5      | Noticed Menkaure
  4619 | D:5      | Noticed Duvessa
  4619 | D:5      | Noticed Dowan
  4713 | D:5      | Reached skill level 5 in Long Blades
  4899 | D:5      | Killed Dowan
  5207 | D:5      | Noticed Sigmund
  5363 | D:4      | Reached XP level 8. HP: 34/61 MP: 8/8
  5479 | D:6      | You are sucked into a shaft and drop 3 floors!
  5479 | D:9      | Found a flagged portal.
  5485 | Bailey   | Entered a bailey
  5849 | Bailey   | Noticed an orc knight
  5884 | D:9      | Noticed an ice statue
  5897 | D:9      | Found a transporter.
  5900 | D:9      | Noticed eyesofgods1's ghost (journeyman OpCj)
  5905 | D:9      | Noticed a moth of wrath
  5906 | D:9      | Noticed a wyvern
  5941 | D:9      | Noticed a hornet
  5964 | D:8      | Noticed a death yak
  5978 | D:9      | Reached skill level 5 in Armour
  5990 | D:9      | Noticed a kobold demonologist
  5996 | D:9      | Reached skill level 6 in Long Blades
  6009 | D:9      | Noticed a ynoxinul
  6028 | D:9      | Noticed a sun demon
  6028 | D:9      | Killed a kobold demonologist
  6029 | D:9      | Reached skill level 5 in Fighting
  6029 | D:9      | Reached skill level 5 in Shields
  6165 | D:9      | Found an opulent altar of Gozag.
  6223 | D:9      | HP: 3/62 [poisoned by a gnoll sergeant]
  6223 | D:9      | Slain by a gnoll sergeant

Illustrated notes

Levels and vault maps discovered:
D:1:      heliophobic_arrival_glass_houses, layout_basic, serial_shops, shop
D:2:      layout_loops_ring, ebering_ecumenical_altar_abandoned, uniq_robin,
          uniq_jessica
D:3:      layout_loops_ring, nicolae_overflow_ecumenical_swirl,
          portal_sewer_entry_a
D:4:      layout_basic, minmay_ogre_servants
D:5:      layout_cave_pools, uniq_sigmund, uniq_duvessa, uniq_menkaure
D:6:      layout_cave_pools, minmay_temple_entry_glass,
          small_statue_intersection, grunt_ministairs_12, dk_rats_in_the_wall
D:8:      layout_layer_cave, minitemple, grunt_lair_entry_orc_guard_hut,
          enter_ossuary_3, serial_ice, serial_ice_j, serial_ice_b, serial_ice_d,
          serial_ice_a, minmay_radiant, uniq_maggie
D:9:      layout_basic, grunt_gozag_breadcrumbs, lemuel_crystal_altar,
          enter_bailey_2, gammafunk_ghost_berserking_beasts, minivault_16

Skill      XL: |  1  2  3  4  5  6  7  8 |
---------------+-------------------------+-----
Long Blades    | 3 4 5 6 |  6.5
Armour         | 4 5 |  5.3
Shields        | 4 5 |  5.3
Fighting       | 4 5 |  5.3

Action                     |  1- 3 |  4- 6 |  7- 9 || total
---------------------------+-------+-------+-------++-------
  Melee: Long sword        |    78 |   363 |   256 ||   697
  Throw: Stone             |       |     7 |       ||     7
         Boomerang         |       |    15 |     5 ||    20
    Use: Potion            |       |     3 |       ||     3
         Scroll            |       |       |     3 ||     3
 Armour: Scale mail        |    32 |   167 |       ||   199
         Chain mail        |       |    45 |   162 ||   207
         Skin              |       |     6 |       ||     6
  Dodge: Dodged            |    28 |   165 |    92 ||   285
  Block: Buckler           |    23 |   112 |    58 ||   193
